 Dungeon Crawl Stone Soup version 0.25.1-8-g42b30a86e7 (webtiles) character file.

Game seed: 10668365321550836166

382 12sPaWn12 the Skirmisher (level 6, -2/48 HPs)
             Began as a Demonspawn Abyssal Knight on Dec 3, 2020.
             Was a Believer of Lugonu.
             Shot with an arrow by a centaur (5 damage)
             ... on level 4 of the Dungeon.
             The game lasted 00:08:16 (4872 turns).

12sPaWn12 the Skirmisher (DsAK)                     Turns: 4872, Time: 00:08:17

Health: -2/48      AC:  8    Str: 15    XL:     6   Next: 47%
Magic:  5/8        EV:  8    Int: 13    God:    Lugonu [**....]
Gold:   205        SH:  8    Dex: 12    Spells: 5/5 levels left

rFire    . . .     SeeInvis .   a - +1 mace
rCold    . . .     Gourm    .   j - +0 kite shield
rNeg     . . .     Faith    .   m - +0 ring mail
rPois    .         Spirit   .   f - +0 helmet
rElec    .         Reflect  .   (no cloak)
rCorr    .         Harm     .   (no gloves)
MR       .....                  (no boots)
Stlth    +.........             (no amulet)
HPRegen  0.16/turn              (no ring)
MPRegen  0.11/turn              (no ring)

@: no status effects
A: hooves 2, slimy green scales 1
a: Depart the Abyss, Bend Space, Renounce Religion


You were on level 4 of the Dungeon.
You worshipped Lugonu.
Lugonu was pleased with you.
You were not hungry.

You visited 1 branch of the dungeon, and saw 5 of its levels.
You visited the Abyss 1 time.

You collected 205 gold pieces.

Inventory:

Hand Weapons
 a - a +1 mace (weapon)
Armour
 f - a +0 helmet (worn)
 j - a +0 kite shield (worn)
 m - a +0 ring mail (worn)
Jewellery
 u - an uncursed amulet of guardian spirit {unknown}
Wands
 t - a wand of random effects (20)
 w - a wand of acid (4)
Scrolls
 d - a scroll of random uselessness {unknown}
 g - 4 scrolls of identify {unknown}
 i - 6 scrolls of remove curse {unknown}
 n - 3 scrolls of amnesia {unknown}
 p - a scroll of enchant weapon {unknown}
 q - a scroll of immolation {unknown}
 s - 5 scrolls of teleportation {unknown}
 y - a scroll of blinking {unknown}
Potions
 b - a potion of berserk rage {unknown}
 e - a potion of stabbing {unknown}
 h - 3 potions of curing
 k - a potion of cancellation {unknown}
 l - a potion of lignification {unknown}
 r - a potion of flight {unknown}
 v - a potion of haste {unknown}
 x - a potion of degeneration {unknown}
Comestibles
 c - 9 rations
 o - a chunk of flesh


   Skills:
 * Level 4.0 Fighting
 * Level 3.5 Maces & Flails
 * Level 3.0 Armour
 * Level 1.8 Dodging
 * Level 1.7 Stealth
 * Level 1.6 Shields
 * Level 3.6 Invocations


You had 5 spell levels left.
You didn't know any spells.
Your spell library was empty.

Dungeon Overview and Level Annotations

Branches:
Dungeon (5/15)
 Temple: D:4-7

Altars:
Trog
Uskayaw
Wu Jian

Shops:
D:5 [


Innate Abilities, Weirdness & Mutations

You have hoof-like feet.
You are partially covered in slimy green scales. (AC +2)


Message History

Unknown command.
The crimson imp blinks!
The orc wizard hits you but does no damage.
The centaur unwields a +0 shortbow.
The centaur closely misses you.
The ogre hits you with a +0 giant club!!
You climb upwards.
There is a stone staircase leading down here.
Things that are here:
a +0 leather armour; a +0 dagger; an orc skeleton You are too injured to fight recklessly!
Space bends around you!
You blink.
The centaur wields a +0 shortbow.
The centaur shoots an arrow.
The arrow hits you!
* * * LOW HITPOINT WARNING * * *
Space bends around you!
You blink.
Space bends sharply around you!
The ogre blinks!
You blink.
Space bends around you!
You blink.
Space bends around you!
You blink.
The centaur shoots an arrow.
The arrow completely misses you.
The centaur shoots an arrow.
The arrow hits you.
You die...

############ #.###..o.......#.##.
#......c.#####.#.##. #####
#........# #..c.##. ....#
#........# #....##. ###.#
#........# #....##. #.#
#........# #....##. #.#
#........# #....##. ###.#####
#.#####.#####....##.
#...<...######..@...O.........##.
#............#........c.........(
#.......####.#...(........###.#..
#.......# #.#................#..
###.#.### #.#............#####..
###.#.# #.#........(..........
....#.# #.####################
#####.# #.# #. #####.# #.# #)


You could see an ogre and a centaur.

Vanquished Creatures
  A sky beast (D:4)
  A crimson imp (D:4)
  2 hounds
  An orc wizard (D:1)
  A centaur skeleton (D:4)
  Jessica (D:2)
  2 adders
  A howler monkey skeleton (D:4)
  2 oozes
  2 worms (D:2)
  A dart slug (D:4)
  13 orcs
  3 giant cockroaches
  5 goblins
  3 hobgoblins (D:3)
  7 jackals (D:4)
  7 kobolds
  2 quokkas (D:4)
  A bat (D:3)
  3 frilled lizards
  4 rats
63 creatures vanquished.

Notes
Turn   | Place    | Note
-------+----------+-------------------------------------------
     0 | Abyss:1  | 12sPaWn12 the Demonspawn Abyssal Knight began the quest for
                  | the Orb.
     0 | Abyss:1  | Reached XP level 1. HP: 18/18 MP: 2/2
    50 | Abyss:1  | Noticed a large abomination
    51 | D:1      | Escaped the Abyss
   373 | D:1      | Gained mutation: You are partially covered in slimy green
                  | scales. (AC +2) [demonic ancestry]
   373 | D:1      | Reached XP level 2. HP: 23/24 MP: 3/3
  1366 | D:2      | Noticed Jessica
  1369 | D:2      | Reached skill level 1 in Dodging
  1379 | D:2      | Killed Jessica
  1379 | D:2      | Reached * piety under Lugonu
  1379 | D:2      | Gained mutation: You have large cloven feet. [demonic
                  | ancestry]
  1379 | D:2      | Reached XP level 3. HP: 17/29 MP: 3/5
  1796 | D:2      | Found a bloodstained altar of Trog.
  2296 | D:3      | Reached XP level 4. HP: 33/37 MP: 6/6
  2352 | D:3      | Found a hide-covered altar of Uskayaw.
  2405 | D:3      | Reached skill level 1 in Stealth
  3355 | D:4      | Reached skill level 1 in Shields
  3355 | D:4      | Gained mutation: You have hoof-like feet. [demonic
                  | ancestry]
  3355 | D:4      | Reached XP level 5. HP: 42/42 MP: 7/7
  3571 | D:4      | Reached ** piety under Lugonu
  3916 | D:5      | Entered Level 5 of the Dungeon
  4145 | D:5      | Noticed an ice beast
  4147 | D:5      | Noticed a sky beast
  4151 | D:5      | Found an ornate altar of the Wu Jian Council.
  4163 | D:5      | Found Ulessiagh's Armour Shop.
  4163 | D:5      | Noticed an ogre
  4177 | D:5      | Noticed a centaur
  4193 | D:4      | HP: 2/42 [sky beast (5)]
  4195 | D:4      | Killed a sky beast
  4195 | D:4      | Reached skill level 4 in Fighting
  4195 | D:4      | Reached XP level 6. HP: 3/48 MP: 8/8
  4872 | D:4      | Shot with an arrow by a centaur

Illustrated notes

Levels and vault maps discovered:
D:1:      eino_arrival_water_star, layout_rooms
D:2:      layout_rooms, trog_book, uniq_jessica
D:3:      layout_rooms, eat_drink_and_be_merry_uskayaw, first_ration
D:4:      layout_basic, amethyst_killhole
D:5:      layout_rooms, nicolae_overflow_crystal_walls, enter_ossuary_5,
          serial_shops, shop, item_on_display_a

Skill      XL: |  1  2  3  4  5  6 |
---------------+-------------------+-----
Dodging        | 1 |  1.8
Maces & Flails | 2 3 |  3.5
Armour         | 2 3 |  3.0
Stealth        | 1 |  1.7
Invocations    | 3 |  3.6
Shields        | 1 |  1.6
Fighting       | 4 |  4.0

Action                   |  1- 3 |  4- 6 || total
-------------------------+-------+-------++-------
Melee: Mace              |   104 |   159 ||   263
       Kick              |    10 |    37 ||    47
Invok: Depart the Abyss  |     1 |       ||     1
       Bend Space        |       |     6 ||     6
  Use: Potion            |       |     2 ||     2
  Eat: Chunk             |     4 |     9 ||    13
Armor: Leather armour    |    14 |       ||    14
       Ring mail         |    28 |   102 ||   130
Dodge: Dodged            |    38 |    72 ||   110
Block: Kite shield       |    29 |    72 ||   101
